 Dungeon Sprint DCSS version 0.24-a0-264-gf46a388 (webtiles) character file.

Game seed: 1997233037176979783

41016 Lanoc the Minotaur Blade (level 13, -1/139 HPs)
             Began as a Minotaur Monk on Apr 20, 2019.
             Was a High Priest of Ru.
             Killed from afar by a fire giant (33 damage)
             ... with a fireball
             ... in the Dungeon (Sprint IX: "|||||||||||||||||||||||||||||").
             The game lasted 00:17:42 (4804 turns).

Lanoc the Minotaur Blade (Minotaur Monk)            Turns: 4804, Time: 00:17:43

Health: -1/139     AC: 26    Str: 19    XL:     13   Next: 77%
Magic:  12/12      EV: 20    Int:  7    God:    Ru [*****.]
Gold:   1915       SH:  0    Dex: 18    Spells: 12/12 levels left

rFire    x . .     SeeInvis .   q - +0 triple sword
rCold    x . .     Gourm    .   (shield currently unavailable)
rNeg     . . .     Faith    .   h - +0 plate armour
rPois    .         Spirit   .   t - +2 hat
rElec    .         Reflect  .   x - +1 cloak
rCorr    .         Harm     .   (no gloves)
MR       .....     NoTele   +   y - +1 pair of boots {run}
Stlth    ..........             (no amulet)
HPRegen  0.33/turn              b - +2 ring of evasion
MPRegen  0.13/turn              p - +3 ring of strength

@: exhausted, flayed, quick
A: retaliatory headbutt, horns 2, no stealth, hated by all, no ice magic, no
summoning magic, no transmutations magic, temperature sensitive
a: Draw Out Power, Power Leap, Apocalypse, Renounce Religion


You were in the Dungeon.
You worshipped Ru.
Ru was extremely pleased with you.
You were near starving.

You visited 1 branch You collected 1915 gold pieces.

Inventory:

Hand Weapons
 o - a +2 scimitar of flaming
 q - a +0 triple sword (weapon)
Missiles
 a - 7 needles of paralysis
Armour
 h - a +0 plate armour (worn)
 t - a +2 hat (worn)
 x - a +1 cloak (worn)
 y - a +1 pair of boots of running (worn)
Jewellery
 b - a +2 ring of evasion (left hand)
 p - a +3 ring of strength (right hand)
 u - an uncursed ring of protection from cold
 v - an uncursed ring of poison resistance
 w - an uncursed ring of ice
Wands
 n - a wand of acid (5)
Scrolls
 i - 2 scrolls of blinking
 l - 5 scrolls of remove curse
 m - 2 scrolls of amnesia
 r - 4 scrolls of fog
 A - 2 scrolls of enchant weapon
 B - 4 scrolls of enchant armour
Potions
 e - a potion of heal wounds
 g - 4 potions of magic
 j - 2 potions of mutation
Comestibles
 c - 11 rations


   Skills:
 + Level 20.1 Fighting
 - Level 24.0 Long Blades
 + Level 19.9 Armour
 + Level 18.8 Dodging


You had 12 spell levels left.
You didn't know any spells.
Your spell library was empty.

Dungeon Overview and Level Annotations

Branches:
Dungeon (1/1)

Altars:
Cheibriados
Dithmenos
Elyvilon
Fedhas
Gozag
Hepliaklqana
Kikubaaqudgha
Makhleb
Nemelex Xobeh
Okawaru
Qazlal
Ru
Sif Muna
Trog
Uskayaw
Vehumet
Wu Jian
Xom
Yredelemnul
Zin
The Shining One
Beogh
Jiyva
Lugonu

Shops:
D =([?


Innate Abilities, Weirdness & Mutations

You reflexively headbutt those who attack you in melee.
You have a pair of horns on your head.
You cannot be stealthy.
You are hated by all.
You cannot study or cast Ice magic.
You cannot study or cast Summoning magic.
You cannot study or cast Transmutations magic.
You are sensitive to extremes of temperature. (rF-, rC-)


Message History

You riposte.
You slash the sphinx! You headbutt the sphinx!
The sphinx is almost dead.
The sphinx misses you. The sphinx hits you but does no damage.
You carve the sphinx like a ham!!!
You kill the sphinx!
Your Fighting skill increases to level 20!
The fire giant barely misses you. The fire dragon breathes flames at you.
The blast of flame hits the fire giant.
The fire giant resists.
The blast of flame hits you!! The fire burns you terribly!
The flayed ghost stares at you with tortured malice.
Terrible wounds open up all over your body!
* * * LOW HITPOINT WARNING * * *
A spark wasp comes into view.
The spark wasp buzzes angrily.
You slice the fire giant!!
The fire giant is moderately wounded.
The fire giant casts a spell at you.
The fireball explodes!
The fireball engulfs you!! The fire burns you terribly!
You die...

▓▓▓▓▓▓▓▓▓▓▓▓▓▓▓▓▓▓▓▓▓▓▓▓▓▓▓
{DWyW..nDC@[.†.............
▓▓▓▓▓▓▓▓▓▓▓▓▓▓▓▓▓▓▓▓▓▓▓▓▓▓▓▓▓▓▓▓.
.................................
♣♣♣♣♣♣♣♣▓▓▓▓▓▓▓▓▓▓▓▓▓▓▓▓▓▓▓▓▓▓▓▓▓
.......†.††......'...............
♣♣♣♣♣♣♣♣▓▓▓▓▓▓▓▓▓▓▓▓▓▓▓▓▓▓▓▓▓▓▓▓.
.................................
▓▓▓▓▓▓▓▓▓▓▓▓▓▓▓▓▓▓▓▓▓▓▓▓▓▓▓▓▓▓▓▓▓
.[[[[[[.[.)).)))))..=..'.........


You could see a fire giant, a fire dragon, a spark wasp, a flayed ghost and a
necrophage.

Vanquished Creatures
  A sphinx (D)
  Gastronok (D)
  An emperor scorpion (D)
  2 entropy weavers (D)
  A vampire knight (D)
  A spark wasp (D)
  Snorg (D)
  An ogre mage (D)
  3 hydras (D)
  2 naga warriors (D)
  A catoblepas (D)
  An alligator snapping turtle (D)
  A rakshasa (D)
  A merfolk avatar (D)
  A deep troll shaman (D)
  2 centaur warriors (D)
  A death knight (D)
  An anaconda (D)
  2 death yaks (D)
  A shock serpent (D)
  A hell knight (D)
  6 deep trolls (D)
  An iron troll (D)
  A sea snake (D)
  A naga ritualist (D)
  A wolf spider (D)
  3 orc knights (D)
  3 ugly things (D)
  A manticore (D)
  A merfolk siren (D)
  3 black mambas (D)
  2 spiny frogs (D)
  Psyche (D)
  A naga mage (D)
  2 yaktaurs (D)
  2 demonic crawlers (D)
  2 komodo dragons (D)
  A jumping spider (D)
  5 trolls (D)
  2 merfolk (D)
  A wind drake (D)
  A tengu conjurer (D)
  A tyrant leech (D)
  A slime creature (D)
  A bog body (D)
  5 hippogriffs (D)
  A raiju (shapeshifter) (D)
  A snapping turtle (D)
  A shadow (D)
  A redback (D)
  5 yaks (D)
  A wraith (D)
  A basilisk (D)
  A vampire mosquito (D)
  A naga (D)
  An insubstantial wisp (D)
  4 porcupines (D)
  9 orc warriors (D)
  2 swamp drakes (D)
  A boggart (D)
  A centaur (D)
  2 crocodiles (D)
  4 bullfrogs (D)
  A jelly (D)
  3 orc priests (D)
  3 orc wizards (D)
  2 adders (D)
  A shadow imp (D)
  A leopard gecko (D)
  10 orcs (D)
  3 bat skeletons (D)
  A giant cockroach (D)
  A goblin (D)
  A frilled lizard (D)
  2 rats (D)
142 creatures vanquished.

Vanquished Creatures (others)
  A centaur warrior (D)
  2 death yaks (D)
3 creatures vanquished.

Grand Total: 145 creatures vanquished

Notes
Turn   | Place    | Note
-------+----------+-------------------------------------------
     0 | D        | Lanoc the Minotaur Monk began the quest for the Orb.
     0 | D        | Reached XP level 1. HP: 19/19 MP: 0/0
    10 | D        | Reached skill level 4 in Long Blades
    12 | D        | Reached skill level 1 in Armour
   108 | D        | Reached skill level 5 in Long Blades
   108 | D        | Reached XP level 2. HP: 28/28 MP: 1/1
   122 | D        | Found a roughly hewn altar of Beogh.
   122 | D        | Found a snail-covered altar of Cheibriados.
   122 | D        | Found a shadowy altar of Dithmenos.
   122 | D        | Found a white marble altar of Elyvilon.
   122 | D        | Found a blossoming altar of Fedhas.
   122 | D        | Found an opulent altar of Gozag.
   123 | D        | Found a hazy altar of Hepliaklqana.
   124 | D        | Found a viscous altar of Jiyva.
   125 | D        | Found an ancient bone altar of Kikubaaqudgha.
   126 | D        | Found a corrupted altar of Lugonu.
   127 | D        | Found a burning altar of Makhleb.
   128 | D        | Found a sparkling altar of Nemelex Xobeh.
   129 | D        | Found an iron altar of Okawaru.
   130 | D        | Found a stormy altar of Qazlal.
   131 | D        | Found a sacrificial altar of Ru.
   132 | D        | Found a deep blue altar of Sif Muna.
   133 | D        | Found a bloodstained altar of Trog.
   134 | D        | Found a hide-covered altar of Uskayaw.
   135 | D        | Found a radiant altar of Vehumet.
   136 | D        | Found an ornate altar of the Wu Jian Council.
   137 | D        | Found a shimmering altar of Xom.
   138 | D        | Found a basalt altar of Yredelemnul.
   139 | D        | Found a glowing silver altar of Zin.
   140 | D        | Found a glowing golden altar of the Shining One.
   179 | D        | Became a worshipper of Ru the Awakened
   216 | D        | Gained mutation: You are hated by all. [Ru sacrifice]
   216 | D        | Reached * piety under Ru
   233 | D        | Noticed a bullfrog
   233 | D        | Noticed a hippogriff
   233 | D        | Noticed an orc warrior
   233 | D        | Noticed a wraith
   233 | D        | Noticed a hippogriff
   233 | D        | Noticed a centaur
   236 | D        | Killed a centaur
   236 | D        | Reached skill level 7 in Long Blades
   236 | D        | Reached skill level 5 in Dodging
   236 | D        | Reached XP level 3. HP: 25/37 MP: 2/2
   236 | D        | Reached XP level 4. HP: 29/44 MP: 3/3
   243 | D        | Killed a hippogriff
   243 | D        | Reached skill level 10 in Long Blades
   243 | D        | Reached XP level 5. HP: 28/53 MP: 4/4
   243 | D        | Reached XP level 6. HP: 33/61 MP: 5/5
   252 | D        | Killed a wraith
   252 | D        | Reached skill level 11 in Long Blades
   258 | D        | HP: 2/62 [orc warrior/+0 flail (14)]
   264 | D        | Killed an orc warrior
   264 | D        | Reached XP level 7. HP: 11/69 MP: 6/6
   267 | D        | Killed a hippogriff
   267 | D        | Reached skill level 12 in Long Blades
   554 | D        | Noticed a centaur warrior
   554 | D        | Noticed a hippogriff
   559 | D        | Killed a hippogriff
   559 | D        | Reached skill level 10 in Fighting
   559 | D        | Reached skill level 13 in Long Blades
   559 | D        | Reached XP level 8. HP: 71/79 MP: 7/7
   566 | D        | Killed a centaur warrior
   566 | D        | Reached skill level 14 in Long Blades
   566 | D        | Reached skill level 10 in Armour
   566 | D        | Reached skill level 10 in Dodging
   578 | D        | Gained mutation: You are sensitive to extremes of
                  | temperature. (rF-, rC-) [Ru sacrifice]
   578 | D        | Reached ** piety under Ru
   578 | D        | Reached *** piety under Ru
   578 | D        | Reached **** piety under Ru
   760 | D        | Noticed a hippogriff
   760 | D        | Noticed a hippogriff
   760 | D        | Noticed a spiny frog
   769 | D        | Killed a spiny frog
   769 | D        | Reached XP level 9. HP: 50/89 MP: 8/8
   771 | D        | Reached skill level 15 in Long Blades
   779 | D        | Noticed a komodo dragon
   793 | D        | Reached skill level 16 in Long Blades
   796 | D        | Killed a komodo dragon
  1121 | D        | Noticed a komodo dragon
  1121 | D        | Noticed a death yak
  1121 | D        | Noticed a black mamba
  1124 | D        | Killed a black mamba
  1125 | D        | Noticed a spiny frog
  1138 | D        | Killed a death yak
  1138 | D        | Reached XP level 10. HP: 52/100 MP: 9/9
  1152 | D        | Reached skill level 17 in Long Blades
  1161 | D        | Killed a spiny frog
  1323 | D        | Noticed a death yak
  1323 | D        | Noticed a death yak
  1323 | D        | Noticed a death yak
  1330 | D        | Noticed a catoblepas
  1341 | D        | Killed a death yak
  1341 | D        | Reached skill level 18 in Long Blades
  1354 | D        | Killed a death yak
  1354 | D        | Killed a death yak
  1369 | D        | Killed a catoblepas
  1369 | D        | Reached skill level 19 in Long Blades
  1369 | D        | Reached XP level 11. HP: 47/111 MP: 10/10
  1694 | D        | Noticed Gastronok
  1697 | D        | Noticed Psyche
  1705 | D        | Killed Gastronok
  1712 | D        | Killed Psyche
  1785 | D        | Reached skill level 15 in Fighting
  1786 | D        | Gained mutation: You cannot be stealthy. [Ru sacrifice]
  1786 | D        | Reached ***** piety under Ru
  1890 | D        | Noticed an orc knight
  1904 | D        | Killed an orc knight
  1908 | D        | Reached skill level 20 in Long Blades
  1914 | D        | Noticed an orc knight
  1931 | D        | Killed an orc knight
  2123 | D        | Found Rohoiw's Magic Scroll Boutique.
  2123 | D        | Noticed an iron troll
  2123 | D        | Noticed a deep troll
  2123 | D        | Noticed a deep troll
  2123 | D        | Noticed an ogre mage
  2130 | D        | Killed an ogre mage
  2130 | D        | Reached skill level 15 in Armour
  2134 | D        | Killed a deep troll
  2158 | D        | Killed an iron troll
  2159 | D        | Found Ifus's Antique Armour Shop.
  2163 | D        | Killed a deep troll
  2163 | D        | Reached skill level 21 in Long Blades
  2169 | D        | Noticed a deep troll
  2332 | D        | Killed a deep troll
  2333 | D        | Noticed a deep troll
  2403 | D        | Killed a deep troll
  2403 | D        | Reached skill level 15 in Dodging
  2403 | D        | Reached XP level 12. HP: 52/122 MP: 11/11
  2574 | D        | Found Jeschax's Antique Weapon Boutique.
  2578 | D        | Found Kuometz's Jewellery Shop.
  2847 | D        | Identified a +1 pair of boots of running (You found it in
                  | the Dungeon)
  2881 | D        | Noticed a centaur warrior
  2881 | D        | Noticed a death knight
  2882 | D        | Noticed a centaur warrior
  2892 | D        | Noticed a spark wasp
  2910 | D        | Killed a death knight
  2910 | D        | Reached skill level 22 in Long Blades
  2911 | D        | Noticed a deep troll shaman
  2916 | D        | Killed a centaur warrior
  2919 | D        | Killed a centaur warrior
  2921 | D        | Killed a spark wasp
  2934 | D        | Killed a deep troll shaman
  3207 | D        | Noticed Snorg
  3215 | D        | Killed Snorg
  3261 | D        | Noticed an entropy weaver
  3261 | D        | Noticed an emperor scorpion
  3262 | D        | Noticed an entropy weaver
  3274 | D        | Killed an emperor scorpion
  3274 | D        | Reached skill level 23 in Long Blades
  3276 | D        | Killed an entropy weaver
  3300 | D        | Killed an entropy weaver
  3300 | D        | Reached XP level 13. HP: 30/134 MP: 12/12
  3753 | D        | Gained mutation: You cannot study or cast Ice magic. [Ru
                  | sacrifice]
  3753 | D        | Gained mutation: You cannot study or cast Transmutations
                  | magic. [Ru sacrifice]
  3753 | D        | Gained mutation: You cannot study or cast Summoning magic.
                  | [Ru sacrifice]
  3921 | D        | Reached skill level 24 in Long Blades
  4758 | D        | Noticed a sphinx
  4758 | D        | Noticed a vampire knight
  4759 | D        | Noticed a fire giant
  4764 | D        | Noticed a fire dragon
  4773 | D        | Killed a vampire knight
  4802 | D        | Killed a sphinx
  4803 | D        | Noticed a spark wasp
  4804 | D        | Killed from afar by a fire giant

Levels and vault maps discovered:
D:        linesprint [early_d, line_temple, items_1, d_10, items_2, lair_1,
          lair_end, items_3, orc_1, orc_end, items_4, d_15, swamp_1, shoals_1,
          snake_1, spider_1, d_20, vaults_1, items_5, swamp_end, shoals_end,
          snake_end, spider_end, vaults_end, d_27, items_6, zot_1, zot_end,
          crypt_end, forest_end, elf_end, slime_end, tomb_end, abyss_end,
          pan_hell_end]

Skill      XL: |  1  2  3  4  5  6  7  8  9 10 11 12 13 |
---------------+----------------------------------------+-----
Long Blades    | 5 7 10 11 13 14 16 19 21 23 24 | 24.0
Armour         | 2 4 6 8 9 10 12 13 15 17 19 | 19.9
Fighting       | 4 6 7 8 10 11 12 14 16 17 20 | 20.1
Dodging        | 4 5 7 8 9 10 11 13 15 16 18 | 18.8
Stealth        | 0 |  0.0

Action                   |  1- 3 |  4- 6 |  7- 9 | 10-12 | 13-15 || total
-------------------------+-------+-------+-------+-------+-------++-------
Melee: Falchion          |    21 |       |       |       |       ||    21
       Headbutt          |     7 |     7 |    14 |   101 |    49 ||   178
       Scimitar          |     2 |    26 |    64 |   206 |    23 ||   321
       Triple sword      |       |       |       |    93 |   152 ||   245
Invok: Sacrifice Love    |     1 |       |       |       |       ||     1
       Sacrifice Resista |       |       |     1 |       |       ||     1
       Reject Sacrifices |       |       |     1 |     1 |     1 ||     3
       Draw Out Power    |       |       |       |     3 |     2 ||     5
       Sacrifice Stealth |       |       |       |     1 |       ||     1
       Sacrifice Arcana  |       |       |       |       |     1 ||     1
Evoke: Wand              |       |       |       |     5 |       ||     5
  Use: Potion            |       |     2 |     3 |    14 |     2 ||    21
 Stab: Invisible         |       |       |       |     8 |     6 ||    14
       Paralysed         |       |       |       |     1 |       ||     1
  Eat: Chunk             |       |       |     1 |     7 |     3 ||    11
Armor: Robe              |     6 |       |       |       |       ||     6
       Scale mail        |       |     3 |       |       |       ||     3
       Plate armour      |       |       |    13 |    98 |    59 ||   170
Dodge: Dodged            |    12 |    24 |    19 |   167 |    98 ||   320
       Rpst.: Falchion   |     3 |       |       |       |       ||     3
       Scimitar          |       |     5 |     8 |    17 |       ||    30
       Triple sword      |       |       |       |    13 |    10 ||    23

Table legend:
 A = Non-vault XP
 B = Vault XP
 C = Vault XP percentage of total XP
 D = Non-vault monster count
 E = Vault monster count
 F = Vault count percentage of total count
                 A         B        C        D         E       F
            +---------+---------+-------+---------+---------+-------
      Total |       0 |   58595 | 100.0 |       0 |     145 | 100.0
            +---------+---------+-------+---------+---------+-------
          D |       0 |   58595 | 100.0 |       0 |     145 | 100.0
            +---------+---------+-------+---------+---------+-------
